 Dungeon Crawl Stone Soup version 0.27-a0-3-gcf006a40f5 (webtiles) character file.

Game seed: 10012354422189253036

13122 Conn the Arsonist (level 12, -4/112 HPs)
             Began as an Octopode Fire Elementalist on Jan 1, 2021.
             Was an Elder of Sif Muna.
             Slain by a boulder beetle (32 damage)
             ... on level 11 of the Dungeon.
             The game lasted 00:55:12 (16372 turns).

Conn the Arsonist (Octopode Fire Elementalist)     Turns: 16372, Time: 00:55:13

Health: -4/112     AC: 38    Str:  9    XL:     12   Next: 2%
Magic:  10/21      EV:  2    Int: 21    God:    Sif Muna [****..]
Gold:   634        SH:  0    Dex: 12    Spells: 5/27 levels left

rFire    . . .     SeeInvis +   s - +2 dagger (protect)
rCold    . . .     Faith    .   (no shield)
rNeg     + + +     Spirit   .   (helmet currently unavailable)
rPois    +         Reflect  .   p - amulet of the acrobat
rElec    .         Harm     .   h - ring of see invisible
rCorr    .         Rampage  .   q - +4 ring of protection
Will     +....     Clarity  +   y - +4 ring of protection Stlth +++++.....NoTele +
                                i - +4 ring of evasion
HPRegen  0.28/turn              k - ring of willpower
MPRegen  0.17/turn              G - ring of stealth
                                O - ring of positive energy
                                P - ring of Midnight {rN+++ AC+4}

@: tree-form
A: almost no armour, stealthy swim, (amphibious), 8 rings, (constrict 8),
clarity, low mp 1
a: Renounce Religion, Channel Magic, Forget Spell, Divine Exegesis


You were on level 11 of the Dungeon.
You worshipped Sif Muna.
Sif Muna was greatly pleased with you.
You were a tree.
You visited 2 branches of the dungeon, and saw 13 of its levels.

You collected 1621 gold pieces.
You spent 987 gold pieces at shops.

Inventory:

Hand Weapons
 a - a +0 dagger
 d - a +0 short sword
 e - a +4 quarterstaff of chaos
 r - the +1 whip of Valiance {holy, +Inv rN+}
   (You found it on level 4 of the Dungeon)

   It has been blessed by the Shining One to cause great damage to the undead
   and demons.
   It protects you from negative energy.
   It lets you turn invisible.
 s - a +2 dagger of protection (weapon)
 x - the +7 mace of Variability {chain chaos}
   (You found it on level 10 of the Dungeon)

   Each time it hits an enemy it has a different, random effect.
 z - a +4 dagger of flaming
Missiles
 m - 32 poisoned darts (quivered)
Armour
 N - the +4 hat of Ebryipniu (melded) {Int+4}
   (You acquired it on level 12 of the Dungeon)

   It affects your intelligence (+4).
Jewellery
 h - a ring of see invisible (left branch)
 i - a +4 ring of evasion (on tentacle)
 k - a ring of willpower (on tentacle)
 p - an amulet of the acrobat (around neck)
 q - a +4 ring of protection (right branch)
 y - a +4 ring of protection (on tentacle)
 A - an uncursed ring of ice
 C - an uncursed amulet of magic regeneration
 G - a ring of stealth (on tentacle)
 O - a ring of positive energy (on tentacle)
 P - the ring of Midnight (on tentacle) {rN+++ AC+4}
   (You bought it in a shop on level 11 of the Dungeon)

   [ring of protection]

   It affects your AC (+4).
   It renders you almost immune to negative energy.
Wands
 w - a wand of flame (31)
 E - a wand of iceblast (4)
 F - a wand of polymorph (22)
 I - a wand of paralysis (6)
 K - a wand of digging (4)
Scrolls
 b - 3 scrolls of enchant armour
 c - a scroll of fear
 f - 6 scrolls of teleportation
 g - 2 scrolls of noise {unknown}
 l - 13 scrolls of identify
 n - 8 scrolls of remove curse
 u - 2 scrolls of magic mapping
 v - 2 scrolls of amnesia
 B - 2 scrolls of silence
 H - a scroll of holy word {unknown}
 J - a scroll of immolation {unknown}
Potions
 o - 2 potions of brilliance {unknown}
 t - 2 potions of haste
 D - a potion of might
 L - a potion of magic {unknown}
Miscellaneous
 M - a lightning rod (4/4)


   Skills:
 + Level 4.4 Fighting
 + Level 4.5 Short Blades
 + Level 2.2(2.4) Maces & Flails
 + Level 1.3(2.0) Staves
 + Level 6.2 Dodging
 + Level 7.7 Stealth
 + Level 8.3 Spellcasting
 + Level 7.3 Conjurations
 + Level 0.4 Transmutations
 + Level 8.5 Fire Magic
 + Level 1.1 Air Magic
 + Level 0.8 Poison Magic
 - Level 6.0 Invocations
 - Level 5.0 Evocations


You had 5 spell levels left.
You knew the following spells:

 Your Spells              Type           Power        Failure   Level
a - Foxfire               Conj/Fire      100%         1%          1
b - Conjure Flame         Conj/Fire      42%          1%          3
c - Inner Flame           Hex/Fire       26%          4%          3
d - Sticky Flame          Conj/Fire      42%          3%          4
e - Fireball              Conj/Fire      21%          9%          5
f - Mephitic Cloud        Conj/Pois/Air  21%          7%          3
g - Ignite Poison         Fire/Tmut/Pois 22%          6%          3

Your spell library contained the following spells:

 Spells                   Type           Power        Failure   Level
 Sting                    Tmut/Pois      44%          6%          1
 Summon Small Mammal      Summ           32%          8%          1
 Poisonous Vapours        Pois/Air       24%          8%          2
 Call Imp                 Summ           8%           12%         2
 Call Canine Familiar     Summ           8%           22%         3
 Confusing Touch          Hex            8%           22%         3
 Gell's Gravitas          Tloc           4%           22%         3
 Summon Guardian Golem    Hex/Summ       8%           22%         3
 Olgreb's Toxic Radiance  Pois           12%          50%         4
 Summon Lightning Spire   Summ/Air       11%          52%         4
 Petrify                  Tmut/Erth      9%           56%         4
 Summon Ice Beast         Ice/Summ       8%           58%         4
 Yara's Violent Unravell  Hex/Tmut       4%           89%         5
 Metabolic Englaciation   Hex/Ice        4%           91%         5


Dungeon Overview and Level Annotations

Branches:
Dungeon (12/15)            Temple (1/1) D:5            Lair (0/6) D:10
    Orc: D:9-12

Altars:
Ashenzari
Cheibriados
Dithmenos
Elyvilon
Fedhas
Gozag
Hepliaklqana
Kikubaaqudgha
Makhleb
Nemelex Xobeh
Okawaru
Qazlal
Ru
Sif Muna
Trog
Uskayaw
Vehumet
Wu Jian
Xom
Yredelemnul
Zin
The Shining One

Shops:
D:10 *!}:   D:11 =


Innate Abilities, Weirdness & Mutations

You cannot wear most types of armour.
You are very stealthy in the water. (Stealth+)
((You are amphibious.))
You can wear up to eight rings at the same time.
((You can use your tentacles to constrict eight enemies at once.))
((Your skin changes colour to match your surroundings (Stealth+).))
((Your rubbery body absorbs attacks. (AC +1, EV +1)))
You possess an exceptional clarity of mind.
Your magical capacity is low. (-10% MP)
((Your system is resistant to poisons. (rPois)))


Message History

Unknown command.
Unknown command.
Unknown command.
The boulder beetle curls into a ball and begins rolling!
Really quaff the potion of lignification?
You turn into a tree.
The +4 hat of Ebryipniu {Int+4} melds into your body.
Your roots penetrate the ground.
Unknown command.
Casting: Fireball (dangerous; 9% risk of failure)
Confirm with . or Enter, or press ? or * to list all spells.
Aiming: Sticky Flame (mildly dangerous; 3% risk of failure)
Press: ? - help, Shift-Dir - straight line, f - boulder beetle
Aim: a boulder beetle (heavily wounded, 0% to evade)
The sticky flame hits the boulder beetle but does no damage.
The boulder beetle is heavily wounded.
The boulder beetle is covered in liquid flames!
The brown ugly thing gurgles horribly!
The boulder beetle burns!
The boulder beetle hits you!!
You die...

. .. #.#.......# '# #
#.......# ..
#.......# #### .##
##...^...# #...
..#..#.......#
##..#..B.##.......#
#.........#.......#
#.###..######.......#
#....)..B♣l........#
#.###...°.###..>###.#
#...#.....#.).# .#
#...#..#.##...# #
#.#.#.u#..#..∩#
#####.#####.......#
... #.......# ....
#..####.# .... #... #


You could see a boulder beetle (burning), a brown ugly thing and a komodo
dragon.

Vanquished Creatures
  Snorg (D:11)
  A hydra (D:12)
  2 boulder beetles (D:11)
  A deep elf mage (D:11)
  A gargoyle (D:12)
  A komodo dragon (D:10)
  A kobold demonologist (D:8)
  Maggie (D:6)
  2 trolls
  A shadow (D:12)
  A wyvern (D:10)
  4 humans (D:8)
  8 yaks (D:11)
  2 basilisks (D:10)
  2 chaos spawn (D:10)
  A water moccasin (D:9)
  A swamp drake (D:10)
  2 necrophages
  An ice beast (D:7)
  2 sky beasts
  4 orc warriors
  2 black bears
  A phantom (D:6)
  3 ogres
  10 centaurs
  12 big kobolds
  6 bullfrogs
  Blork the orc (D:5)
  A wyvern skeleton (D:6)
  3 scorpions
  8 wights
  3 howler monkeys
  3 centaur zombies
  2 jellies
  A quasit (D:6)
  7 hounds
  Crazy Yiuf (D:2)
  4 centaur skeletons
  4 orc priests
  A bullfrog skeleton (D:10)
  5 iguanas
  4 orc wizards
  6 worker ants
  A killer bee zombie (D:6)
  A hound skeleton (D:9)
  A worker ant zombie (D:11)
  7 gnolls
  8 adders
  A shadow imp (D:7)
  2 ufetubi (D:5)
  An ooze (D:4)
  An adder skeleton (D:4)
  4 worms
  5 dart slugs
  5 leopard geckos
  24 orcs
  11 giant cockroaches
  2 goblins
  6 hobgoblins
  15 jackals
  6 quokkas
  10 bats
  6 frilled lizards
  A jackal zombie (D:5)
  21 kobolds
  A leopard gecko zombie (D:7)
  19 rats
287 creatures vanquished.

Vanquished Creatures (others)
  883 foxfires
  A withered plant (D:5)
884 creatures vanquished.

Grand Total: 1171 creatures vanquished

Notes
Turn   | Place    | Note
-------+----------+-------------------------------------------
     0 | D:1      | Conn the Octopode Fire Elementalist began the quest for the
                  | Orb.
     0 | D:1      | Reached XP level 1. HP: 11/11 MP: 3/3
   237 | D:1      | Reached XP level 2. HP: 17/17 MP: 1/5
   582 | D:1      | Reached XP level 3. HP: 21/21 MP: 3/6
   589 | D:1      | Learned a level 3 spell: Conjure Flame
  1538 | D:2      | Found an iron altar of Okawaru.
  1583 | D:2      | Reached XP level 4. HP: 21/27 MP: 1/7
  1910 | D:2      | Found a runed translucent door.
  1911 | D:2      | Noticed Crazy Yiuf
  2142 | D:2      | Killed Crazy Yiuf
  2391 | D:2      | Found a sparkling altar of Nemelex Xobeh.
  2585 | D:3      | Reached XP level 5. HP: 32/32 MP: 9/9
  3048 | D:3      | Reached skill level 1 in Short Blades
  3067 | D:3      | Reached skill level 1 in Staves
  3673 | D:4      | Got a crystal whip
  3674 | D:4      | Identified the cursed +1 whip of Valiance {holy, +Inv rN+}
                  | (You found it on level 4 of the Dungeon)
  4147 | D:4      | Reached skill level 1 in Evocations
  4147 | D:4      | Reached XP level 6. HP: 35/37 MP: 4/10
  4496 | D:5      | Entered Level 5 of the Dungeon
  4819 | D:4      | HP: 1/37 [centaur (10)]
  4821 | D:4      | Reached skill level 1 in Fighting
  5235 | D:5      | Noticed a sky beast
  5309 | D:5      | Killed a sky beast
  5310 | D:5      | Reached XP level 7. HP: 13/43 MP: 7/12
  5641 | D:5      | Reached skill level 1 in Maces & Flails
  5756 | D:5      | Learned a level 3 spell: Inner Flame
  5761 | D:5      | Learned a level 4 spell: Sticky Flame
  5866 | D:5      | Found a staircase to the Ecumenical Temple.
  5869 | D:5      | Noticed Blork the orc
  5883 | Temple   | Entered the Ecumenical Temple
  5904 | Temple   | Became a worshipper of Sif Muna the Loreminder
  5966 | D:5      | Killed Blork the orc
  6207 | D:5      | Found a basalt altar of Yredelemnul.
  6749 | D:5      | Found a broken altar of Ashenzari.
  6749 | D:5      | Found a faded altar of an unknown god.
  6765 | D:5      | Reached XP level 8. HP: 37/48 MP: 9/14
  6766 | D:5      | Found a sacrificial altar of Ru.
  6768 | D:5      | Found a radiant altar of Vehumet.
  6775 | D:5      | Found a stormy altar of Qazlal.
  7003 | D:6      | Found a hazy altar of Hepliaklqana.
  7460 | D:6      | Reached skill level 5 in Fire Magic
  7543 | D:6      | Gained mutation: Your magical capacity is low. (-10% MP)
                  | [potion of mutation]
  7543 | D:6      | Gained mutation: You possess an exceptional clarity of
                  | mind. [potion of mutation]
  7543 | D:6      | Gained mutation: Your system is resistant to poisons.
                  | (rPois) [potion of mutation]
  7897 | D:6      | Found a blossoming altar of Fedhas.
  7925 | D:6      | Noticed Maggie
  8228 | D:6      | Killed Maggie
  8229 | D:6      | Reached skill level 5 in Spellcasting
  8606 | D:6      | Reached XP level 9. HP: 42/54 MP: 10/15
  8762 | D:6      | Reached * piety under Sif Muna
  8989 | D:6      | Reached skill level 5 in Stealth
  9026 | D:6      | Found an ancient bone altar of Kikubaaqudgha.
  9040 | D:6      | Found a snail-covered altar of Cheibriados.
  9195 | D:7      | Learned a level 5 spell: Fireball
  9221 | D:7      | Reached skill level 1 in Invocations
  9766 | D:7      | Reached skill level 5 in Evocations
 10219 | D:7      | Found a bloodstained altar of Trog.
 10241 | D:7      | Reached skill level 5 in Conjurations
 10767 | D:8      | Learned a level 3 spell: Mephitic Cloud
 10852 | D:8      | Reached ** piety under Sif Muna
 10870 | D:8      | Noticed a kobold demonologist
 10880 | D:8      | Reached XP level 10. HP: 50/61 MP: 12/17
 11045 | D:8      | Killed a kobold demonologist
 11342 | D:8      | Reached skill level 5 in Dodging
 11828 | D:9      | Identified a scroll of acquirement
 11828 | D:9      | Acquired 1086 gold pieces
 12075 | D:9      | Reached *** piety under Sif Muna
 12542 | D:10     | Entered Level 10 of the Dungeon
 12561 | D:10     | Found the +7 mace of Variability {chain chaos}
 12561 | D:10     | Found a shimmering altar of Xom.
 12561 | D:10     | Found Yrenur's Assorted Antiques.
 12561 | D:10     | Found Dyusin's Distillery.
 12579 | D:10     | Found Vane's Gadget Boutique.
 12951 | D:10     | Bought a wand of paralysis (7) for 153 gold pieces
 12956 | D:10     | Bought 2 potions of heal wounds for 130 gold pieces
 13212 | D:10     | Reached skill level 5 in Invocations
 13282 | D:10     | Reached XP level 11. HP: 34/67 MP: 12/19
 13475 | D:10     | Found a staircase to the Lair.
 13665 | D:10     | Found Ofri's Book Boutique.
 14036 | D:11     | Noticed a boulder beetle
 14059 | D:11     | Noticed a cyan ugly thing
 14675 | D:12     | Noticed a four-headed hydra
 14975 | D:12     | Acquired the +4 hat of Ebryipniu {Int+4}
 15011 | D:12     | Learned a level 3 spell: Ignite Poison
 15195 | D:12     | Killed a four-headed hydra
 15576 | D:11     | Noticed Snorg
 15602 | D:11     | HP: 1/69 [Snorg (27)]
 15608 | D:11     | Killed Snorg
 15970 | D:11     | Killed a boulder beetle
 16286 | D:11     | Found Izutwak's Jewellery Shoppe.
 16300 | D:11     | Reached **** piety under Sif Muna
 16305 | D:11     | Bought the ring of Midnight {rN+++ AC+4} for 704 gold
                  | pieces
 16334 | D:11     | Noticed a boulder beetle
 16344 | D:11     | Noticed a boulder beetle
 16351 | D:11     | Noticed a deep elf mage
 16368 | D:11     | Noticed a brown ugly thing
 16369 | D:11     | Killed a boulder beetle
 16369 | D:11     | Killed a deep elf mage
 16370 | D:11     | Reached skill level 1 in Air Magic
 16370 | D:11     | Reached XP level 12. HP: 18/75 MP: 13/21
 16372 | D:11     | Slain by a boulder beetle

Illustrated notes

Levels and vault maps discovered:
D:1:      dpeg_arrival_boxes_within_box, layout_basic, serial_co_window_serial,
          co_window_corner_a, co_window_corner_a, co_window_paths_a,
          co_window_paths_b, co_window_paths_a, co_window_paths_a,
          co_window_of_opportunity_a, co_window_paths_b, co_window_paths_a,
          co_window_corner_ca, co_window_broadway_a, co_window_broadway_a,
          glass_columns_a, glass_columns_a, glass_columns_a, glass_columns_a,
          glass_columns_c, minmay_rat_gold_closets
D:2:      layout_basic, lemuel_round_altar, okawaru_trees_2,
          uniq_crazy_yiuf_cottage
D:3:      layout_loops_ring
D:4:      layout_basic, hangedman_decor_growths, minmay_distorted
D:5:      layout_gridville, chequers_temple_overflow_minitemple,
          minmay_temple_entry_statues_fountains, yredelemnul_altar_generic,
          uniq_blork_the_orc
D:6:      minmay_spotlight, layout_loops_ring, lemuel_crystal_altar,
          fedhas_altar_3, minitemple, uniq_maggie
D:7:      layout_rooms, trog_butcher_becter
D:8:      layout_loops_cross, special_room [special_room_kobold],
          minmay_ruffians
D:9:      layout_gridville, grunt_decor_clamped, wad_floor_pattern_1
D:10:     layout_cave_pools, erik_lair_dragon, serial_shops, shop,
          nicolae_shop_competitors_out_of_business, shop, kennysheep_little_box,
          minmay_guarded_unrand_variability
D:11:     minmay_the_grid_4x2 [minmay_the_grid_minigrid_small,
          minmay_the_grid_zigzag_pyramid, minmay_the_grid_expand,
          minmay_the_grid_mess, minmay_the_grid_spikes, minmay_the_grid_empty,
          minmay_the_grid_spin_star, minmay_the_grid_prize_shrinking_boxes],
          layout_stronghold, minmay_shop_enchanted_jewellery, uniq_erica,
          uniq_snorg
D:12:     layout_irregular_city
Temple:   nicolae_temple_god_jail

Skill      XL: |  1  2  3  4  5  6  7  8  9 10 11 |
---------------+----------------------------------+-----
Stealth        | 3 4 5 6 7 |  7.7
Short Blades   | 1 2 3 4 |  4.5
Conjurations   | 2 3 4 5 6 7 |  7.3
Staves         | 1 |  1.3
Spellcasting   | 3 4 5 6 7 8 |  8.3
Evocations     | 1 2 3 4 5 |  5.0
Fire Magic     | 4 5 6 7 8 |  8.5
Fighting       | 1 2 3 4 |  4.4
Maces & Flails | 1 2 |  2.2
Dodging        | 3 4 5 6 |  6.2
Invocations    | 3 5 6 |  6.0
Air Magic      | 1 |  1.1
Transmutations | |  0.4
Poison Magic   | |  0.8

Action                   |  1- 3 |  4- 6 |  7- 9 | 10-12 || total
-------------------------+-------+-------+-------+-------++-------
Melee: Dagger            |     2 |       |    92 |   201 ||   295
       Short sword       |    35 |    12 |       |       ||    47
       Constrict         |     4 |    10 |    11 |    25 ||    50
       Tentacles         |     3 |     9 |    18 |    40 ||    70
       Quarterstaff      |       |    24 |       |       ||    24
       Whip              |       |    26 |     8 |       ||    34
       Great mace        |       |       |       |    10 ||    10
Throw: Dart              |       |     2 |       |       ||     2
 Cast: Foxfire           |    49 |    91 |   220 |   156 ||   516
       Conjure Flame     |       |     1 |       |     9 ||    10
       Sticky Flame      |       |       |     9 |    32 ||    41
       Mephitic Cloud    |       |       |       |    10 ||    10
       Fireball          |       |       |       |    15 ||    15
       Ignite Poison     |       |       |       |     2 ||     2
Invok: Channel Magic     |       |       |       |     1 ||     1
Evoke: Wand              |       |       |       |     2 ||     2
  Use: Potion            |     3 |     2 |     7 |     5 ||    17
       Scroll            |       |     4 |     2 |    10 ||    16
 Stab: Sleeping          |     7 |    11 |     3 |    14 ||    35
       Confused          |       |       |       |     1 ||     1
Armor: Skin              |    26 |    16 |    56 |    56 ||   154
Dodge: Dodged            |    21 |    59 |   233 |   223 ||   536

Table legend: (Time is in decaauts)
 A = Elapsed time spent in this place.
 B = Non-inter-level travel time spent in this place.
 C = Inter-level travel time spent in this place.
 D = Time resting spent in this place.
 E = Time spent auto-exploring this place.
 F = Levels seen in this place.
 G = Mean time per level.
                   A        B        C        D        E       F      G
               +--------+--------+--------+--------+--------+-----+--------+
         Total |  16339 |  16020 |    319 |   4378 |   7266 |  13 | 1256.8 |
       Dungeon |  16274 |  15955 |    319 |   4378 |   7266 |  12 | 1356.2 |
        Temple |     64 |     64 |      0 |      0 |      0 |   1 |   64.0 |
               +--------+--------+--------+--------+--------+-----+--------+

Top non-repeatable levels by time:
     D:6: 2916 daAuts
     D:5: 1908 daAuts
    D:12: 1562 daAuts
     D:4: 1503 daAuts
     D:1: 1373 daAuts
     D:3: 1198 daAuts
    D:10: 1148 daAuts
     D:8: 1080 daAuts
     D:2: 1050 daAuts
     D:9: 1049 daAuts
    D:11: 867 daAuts
     D:7: 614 daAuts
  Temple: 64 daAuts
